Map: Eastwatch LE

Players

Svirepyj - Winner!

  • Race: Zerg Zerg
  • League: Gold
  • Spawn Location: 1:00

ILIEKEGGPIE

  • Race: Protoss Protoss
  • League: Platinum
  • Spawn Location: 7:00

VOD

Have the link to the VOD?

Description

Time

  • Played on: April 12, 2018, 12:45 a.m.
  • Length: 5:02
Show
View Real Time Build Order
Export as new Build Order

Svirepyj Zerg - Winner!

Build Orders: Pool First, Zergling Baneling 

Get SALT Encoding   

  12  0:01  Drone  
  13  0:13  Overlord  
  13  0:18  Drone  
  14  0:31  Drone x2  
  16  0:36  Drone  
  17  0:49  Spawning Pool  
  16  0:50  Drone  
  16  0:55  Extractor  
  16  1:02  Drone  
  17  1:19  Hatchery  
  17  1:21  Drone  
  17  1:26  Drone  
  18  1:34  Drone  
  19  1:41  Drone  
  19  1:44  Queen  
  22  1:56  Baneling Nest  
  22  1:58  Overlord  
  21  2:03  Zergling x2  
  22  2:24  Zergling x2  
  22  2:25  Zergling x2  
  24  2:32  Zergling x2  
  25  2:42  Zergling x2  
  25  2:43  Zergling x2  
  27  2:50  Zergling x2  
  28  2:56  Zergling x2  
  28  2:57  Zergling x6  
  32  3:04  Queen  
  34  3:05  Zergling x2  
  34  3:10  Zergling x2  
  36  3:13  Metabolic Boost  
  36  3:18  Overlord  
  36  3:22  Baneling  
  36  3:23  Baneling  
  36  3:40  Zergling x10  
  41  3:44  Zergling x2  
  41  3:45  Zergling x4  
  44  3:51  Baneling x5  
  44  3:53  Baneling x2  
  44  3:58  Overlord  
  44  4:00  Baneling  
  44  4:23  Zergling x8  
  44  4:24  Zergling x6  
  50  4:37  Zergling x8  
  50  4:38  Zergling x2  
  52  4:42  Zergling x2  
Show
View Real Time Build Order
Export as new Build Order

ILIEKEGGPIE Protoss 

Build Orders: 1 Gate Expand 

Get SALT Encoding   

  12  0:01  Probe  
  13  0:13  Probe  
  14  0:20  Pylon  
  14  0:26  Probe (Chrono Boost)  
  15  0:39  Probe (Chrono Boost)  
  16  0:45  Gateway  
  16  0:47  Probe (Chrono Boost)  
  17  0:53  Assimilator  
  17  1:10  Forge  
  17  1:38  Nexus  
  17  1:41  Cybernetics Core  
  17  1:47  Probe (Chrono Boost)  
  18  1:59  Probe (Chrono Boost)  
  19  2:03  Pylon  
  20  2:08  Probe (Chrono Boost)  
  20  2:23  Photon Cannon  
  20  2:25  Photon Cannon  
  20  2:50  Photon Cannon  
  20  2:52  Adept (Chrono Boost)  
  20  2:54  Probe  
  20  2:55  Probe  
  24  3:06  Probe  
  24  3:07  Probe  
  25  3:19  Probe x2  
  27  3:23  Assimilator  
  27  3:27  Pylon  
  27  3:33  Probe (Chrono Boost)  
  29  3:35  Probe (Chrono Boost)  
  29  3:43  Probe (Chrono Boost)  
  29  3:46  Probe (Chrono Boost)  
  31  3:49  Probe (Chrono Boost)  
  31  3:51  Stalker  
  35  3:57  Gateway  
  35  3:59  Gateway, Probe x2 (Chrono Boost)  
  36  4:03  Robotics Facility  
  36  4:04  Probe (Chrono Boost)  
  37  4:15  Probe  
Tags
 
Add a new tag
Caveats
  • Supply blocks, unpowered buildings, or Contaminate may cause inaccurate times.
  • Supply counts are checked every 10 seconds.